 Dungeon Crawl Stone Soup version 0.28.0-43-g3370ac3207 (webtiles) character file.

Game seed: 2140545837496215782

19 tizbic2 the Charlatan (level 2, -1/24 HPs)
             Began as a Draconian Artificer on Mar 10, 2022.
             Slain by a hobgoblin (2 damage)
             ... on level 1 of the Dungeon.
             The game lasted 00:03:28 (622 turns).

tizbic2 the Charlatan (Draconian Artificer)          Turns: 622, Time: 00:03:29

Health: -1/24      AC:  4    Str: 14    XL:     2   Next: 55%
Magic:  2/2        EV: 12    Int: 11    God:
Gold:   8          SH:  0    Dex: 11    Spells: 1/1 levels left

rFire   . . .      SeeInvis .   h - +0 spear
rCold   . . .      Faith    .   (no shield)
rNeg    . . .      Spirit   .   (armour unavailable)
rPois   .          Reflect  .   (helmet restricted)
rElec   .          Harm     .   (no cloak)
rCorr   .          Rampage  .   (no gloves)
Will    .....                   (no boots)
Stlth   +.........              (no amulet)
HPRegen 0.08/turn               (no ring)
MPRegen 0.08/turn               (no ring)

@: no status effects
A: AC +4, unfitting armour, cold-blooded
a: no special abilities


You were on level 1 of the Dungeon.
You visited 1 branch of the dungeon, and saw 1 of its levels.

You collected 8 gold pieces.

Inventory:

Hand Weapons
 h - a +0 spear (weapon)
Missiles
 k - 2 boomerangs
Wands
 b - a wand of flame (14)
 c - a wand of charming (15)
Scrolls
 e - 2 scrolls of identify {unknown}
 g - a scroll of teleportation {unknown}
Potions
 a - 2 potions of curing {unknown}
 f - a potion of heal wounds {unknown}
 i - a potion of ambrosia {unknown}
 j - a potion of haste {unknown}
Miscellaneous
 d - a piece from Xom's chessboard (13/15) (quivered)


   Skills:
 * Level 2.2 Fighting
 + Level 2.3 Dodging
 - Level 0.8 Stealth
 + Level 3.2 Evocations


You had one spell level left.
You didn't know any spells.
Your spell library was empty.

Dungeon Overview and Level Annotations

Branches:
Dungeon (1/15)

Altars:


Innate Abilities, Weirdness & Mutations

Your plain brown scales are hard. (AC +4)
You cannot fit into any form of body armour.
You are cold-blooded and may be slowed by cold attacks.


Message History

You are frozen.
You feel yourself slow down. The hobgoblin barely misses you.
The endoplasm freezes you.
You are frozen.
You feel as though you will be slow longer.
There is an open door here.
You hit the endoplasm.
You kill the endoplasm!
The hobgoblin misses you. The hobgoblin barely misses you.
Reach: h) +0 spear
Press: ? - help, Dir - move target, f - hobgoblin
Aim: a hobgoblin (heavily wounded, about 41% to evade your +0 spear)
You barely miss the hobgoblin.
The hobgoblin is heavily wounded.
The hobgoblin hits you.
* * * LOW HITPOINT WARNING * * *
The hobgoblin hits you but does no damage.
You hit the hobgoblin but do no damage.
The hobgoblin is heavily wounded.
The hobgoblin closely misses you.
You barely miss the hobgoblin.
The hobgoblin is heavily wounded.
You feel yourself speed up. The hobgoblin barely misses you.
The hobgoblin misses you.
You hit the hobgoblin but do no damage.
The hobgoblin is heavily wounded.
The hobgoblin hits you.
* * * LOW HITPOINT WARNING * * *
You closely miss the hobgoblin.
The hobgoblin is heavily wounded.
The hobgoblin barely misses you.
You barely miss the hobgoblin.
The hobgoblin is heavily wounded.
The hobgoblin closely misses you.
You closely miss the hobgoblin.
The hobgoblin is heavily wounded.
The hobgoblin hits you.
* * * LOW HITPOINT WARNING * * *
You drop a scroll labelled MUUCWA FOAMIFI.
The hobgoblin hits you.
You die...

##### ....#
################## ....#
#........#.......# ....#
#........#.......#
....####........#g......##.#
....'..†).......@..)........
....####........####.#####.
....# #........# #.# ....#
#........# #.. ....#
#[.......# #... #####
########## ##### ######
.....#############
.................#


You could see a hobgoblin.

Vanquished Creatures
  2 endoplasms (D:1)
  3 goblins (D:1)
  2 jackals (D:1)
  A quokka (D:1)
  2 ball pythons (D:1)
  3 bats (D:1)
  A frilled lizard (D:1)
  2 kobolds (D:1)
  4 rats (D:1)
20 creatures vanquished.

Notes
Turn   | Place    | Note
-------+----------+-------------------------------------------
     0 | D:1      | tizbic2 the Draconian Artificer began the quest for the
                  | Orb.
     0 | D:1      | Reached XP level 1. HP: 16/16 MP: 1/1
   273 | D:1      | Reached XP level 2. HP: 24/24 MP: 2/2
   621 | D:1      | HP: 1/24 [hobgoblin (3)]
   622 | D:1      | Slain by a hobgoblin

Illustrated notes

Levels and vault maps discovered:
D:1:      minmay_arrival_diagonal_passages, layout_basic

Skill      XL: |  1  2 |
---------------+-------+-----
Fighting       | 2 |  2.2
Dodging        | |  2.3
Stealth        | |  0.8
Evocations     | |  3.2

Action                   || total
-------------------------++-------
Melee: Short sword       ||    18
       Club              ||     6
       Spear             ||    57
       Tailslap          ||     4
Evoke: Piece from Xom's  ||     2
       Wand              ||     1
 Stab: Sleeping          ||     1
Armor: Skin              ||    22
Dodge: Dodged            ||    59
